 Dungeon Crawl Stone Soup version 0.25.1-2-g60ff931df9 (webtiles) character file.

Game seed: 17837498754220200458

2081 MisterFreud the Nimble (level 9, 0/44 HPs)
             Began as a Felid Berserker on Aug 18, 2020.
             Was a High Priest of Trog.
             Slain by a big kobold
             ... wielding a +0 dagger of distortion
              (3 damage)
             ... on level 7 of the Dungeon.
             The game lasted 00:13:37 (7876 turns).

MisterFreud the Nimble (Felid Berserker)            Turns: 7876, Time: 00:13:38

Health: 0/44       AC:  2    Str: 13    XL:     9   Next: 6%
Magic:  10/10      EV: 30    Int:  9    God:    Trog [*****.]
Gold:   342        SH:  0    Dex: 24    Spells: 8/8 levels left
                                        Lives:  0   Deaths: 2

rFire    . . .     SeeInvis +     - Unarmed
rCold    + . .     Gourm    .   (shield unavailable)
rNeg     . . .     Faith    .   (armour unavailable)
rPois    .         Spirit   .   (helmet unavailable)
rElec    .         Reflect  .   (cloak unavailable)
rCorr    .         Harm     .   (gloves unavailable)
MR       +....                  (boots unavailable)
Stlth    +++++.....             (no amulet)
HPRegen  0.14/turn              j - ring of protection from cold
MPRegen  0.12/turn              s - +6 ring of dexterity

@: quick
A: very small, no armour, no weapons or thrown items, stealth, claws 1, fangs 3,
see invisible, carnivore, speed 1, shaggy fur 2, slow metabolism 1, sharp paws
a: Berserk, Trog's Hand, Brothers in Arms, Renounce Religion


You were on level 7 of the Dungeon.
You worshipped Trog.
Trog was extremely pleased with you.
You were full.

You visited 1 branch of the dungeon, and saw 7 of its levels.
You visited the Abyss 1 time.

You collected 342 gold pieces.

Inventory:

Jewellery
 j - a ring of protection from cold (left paw)
 s - a +6 ring of dexterity (right paw)
 t - an uncursed ring of ice
Wands
 q - a wand of flame (15)
 y - a wand of disintegration (17)
 D - a wand of random effects (12)
Scrolls
 b - 4 scrolls of teleportation
 d - a scroll of blinking {unknown}
 e - 2 scrolls of amnesia
 k - 9 scrolls of remove curse
 l - 3 scrolls of fear
 r - 2 scrolls of magic mapping
 u - a scroll of enchant weapon {unknown}
 w - a scroll of immolation {unknown}
 x - a scroll of fog {unknown}
 z - a scroll of holy word {unknown}
 B - a scroll of random uselessness {unknown}
Potions
 c - a potion of heal wounds
 f - 2 potions of resistance
 g - 5 potions of curing
 h - 2 potions of brilliance {unknown}
 i - 3 potions of stabbing
 m - a potion of ambrosia {unknown}
 n - a potion of mutation {unknown}
 o - a potion of flight {unknown}
 p - a potion of haste {unknown}
 v - 2 potions of might {unknown}
 A - a potion of berserk rage {unknown}
Comestibles
 a - 17 rations


   Skills:
 + Level 7.9 Fighting
 + Level 11.1 Dodging
 - Level 10.0 Stealth
 + Level 7.9 Unarmed Combat


You had 8 spell levels left.
You didn't know any spells.
Your spell library was empty.

Dungeon Overview and Level Annotations

Branches:
Dungeon (7/15)             Temple (0/1) D:6

Altars:
Fedhas
Hepliaklqana
Okawaru
Qazlal
Uskayaw


Innate Abilities, Weirdness & Mutations

You cannot wear armour.
You are incapable of wielding weapons or throwing items.
Your paws allow you to move quietly. (Stealth)
You have sharp claws.
You have razor-sharp teeth.
You have supernaturally acute eyesight. (SInv)
You are carnivorous and can eat meat at any time.
You cover ground quickly.
You are covered in thick fur. (AC +2)
You have a slow metabolism.
Your sharp claws are effective at attacking unaware monsters.


Message History

You are too injured to fight recklessly!
You are too injured to fight recklessly!
Unknown command.
You claw the spatial maelstrom! You bite the spatial maelstrom.
The spatial maelstrom is almost destroyed.
The spatial maelstrom misses you.
The spatial maelstrom completely misses you. x2
The spatial maelstrom misses you.
You claw the spatial maelstrom!
You destroy the spatial maelstrom!
Trog accepts your kill.
Training target 10.0 for Stealth reached!
Your Dodging skill increases to level 11!
Your Stealth skill increases to level 10!
Welcome back to level 9!
The substance of the Abyss twists violently, and a gateway leading out appears!
You pass through the gate.
Welcome back to the Dungeon!
The big kobold closely misses you.
The big kobold hits you with a +0 dagger of distortion.
You die...

####
#K.#####
####
#@##.⌠.##
...#
#K#.#.#.#
...#
##K'.(#..$
...#
#..'.....(
...#
#..'..#..[
...#
#..#.#.#.#
...#
#..##.⌠.##
...#
#...#####
...# #)###


You could see 3 big kobolds.

Vanquished Creatures
  A spatial maelstrom (Abyss:1)
  The ghost of Subbak the Schismatic, a novice FoAK of Lugonu (D:5)
  The ghost of lepoulpe303 the Changer, a novice SpVM (D:7)
  An ancient zyme (Abyss:1)
  A hungry ghost (D:7)
  An ice beast (Abyss:1)
  An ogre (D:4)
  6 necrophages
  2 centaurs (D:7)
  6 big kobolds (D:7)
  An earth elemental (Abyss:1)
  2 bullfrogs (D:7)
  A scorpion (D:5)
  3 wights (D:7)
  5 howler monkeys
  2 crimson imps
  4 quasits (D:5)
  2 centaur skeletons
  A hound (D:6)
  10 orc wizards
  2 orc priests
  A bullfrog skeleton (D:6)
  An iron imp (Abyss:1)
  2 iguanas
  7 worker ants
  A hound zombie (D:6)
  A hound skeleton (D:4)
  A worker ant zombie (D:7)
  4 gnolls (D:7)
  10 adders
  2 shadow imps
  A white imp (Abyss:1)
  3 oozes
  3 adder zombies
  An adder skeleton (D:5)
  3 worms
  A dart slug (D:2)
  A leopard gecko (D:3)
  25 orcs
  8 bats
  5 giant cockroaches
  11 hobgoblins
  14 jackals
  5 kobolds
  5 quokkas
  A ball python (D:2)
  A ball python zombie (D:6)
  2 frilled lizards (D:1)
  8 goblins
  A jackal zombie (D:6)
  A leopard gecko zombie (D:6)
  A quokka skeleton (D:4)
  8 rats
  A bush (D:6)
194 creatures vanquished.

Vanquished Creatures (others)
  9 plants (D:6)
9 creatures vanquished.

Grand Total: 203 creatures vanquished

Notes
Turn   | Place    | Note
-------+----------+-------------------------------------------
     0 | D:1      | MisterFreud the Felid Berserker began the quest for the
                  | Orb.
     0 | D:1      | Reached XP level 1. HP: 10/10 MP: 2/2
   163 | D:1      | Reached skill level 1 in Stealth
   202 | D:1      | Reached XP level 2. HP: 10/14 MP: 3/3
   991 | D:1      | Reached ** piety under Trog
  1132 | D:2      | Reached XP level 3. HP: 17/18 MP: 4/4
  1239 | D:2      | Found a hazy altar of Hepliaklqana.
  1739 | D:2      | Reached XP level 4. HP: 18/22 MP: 5/5
  1801 | D:2      | You fall into a shaft and drop 1 floor!
  1940 | D:3      | Found a stormy altar of Qazlal.
  2573 | D:3      | Reached *** piety under Trog
  2614 | D:3      | Reached skill level 5 in Fighting
  2614 | D:3      | Reached XP level 5. HP: 14/26 MP: 6/6
  2951 | D:4      | Noticed an ogre
  2964 | D:4      | Killed an ogre
  2964 | D:4      | Reached skill level 5 in Stealth
  2964 | D:4      | Gained mutation: You are covered in thick fur. (AC +2)
                  | [Felid growth]
  2964 | D:4      | Reached XP level 6. HP: 30/30 MP: 7/7
  3040 | D:4      | Reached skill level 5 in Dodging
  3294 | D:4      | HP: 2/45 [iguana (13)]
  3616 | D:4      | Reached skill level 6 in Dodging
  3749 | D:4      | Reached XP level 7. HP: 33/33 MP: 8/8
  3942 | D:5      | Entered Level 5 of the Dungeon
  3959 | D:5      | Found a transporter.
  3966 | D:5      | Reached **** piety under Trog
  4204 | D:5      | Reached skill level 5 in Unarmed Combat
  4244 | D:5      | Found a hide-covered altar of Uskayaw.
  4244 | D:5      | Found an iron altar of Okawaru.
  4269 | D:5      | You fall into a shaft and drop 1 floor!
  4283 | D:6      | Found a staircase to the Ecumenical Temple.
  4314 | D:6      | Reached skill level 7 in Dodging
  4447 | D:6      | Reached skill level 8 in Dodging
  4712 | D:6      | Found a blossoming altar of Fedhas.
  4952 | D:5      | Found a transporter.
  4969 | D:5      | Noticed Subbak's ghost (novice FoAK)
  5690 | D:6      | Reached XP level 8. HP: 37/37 MP: 9/9
  6056 | D:5      | Reached skill level 9 in Dodging
  6185 | D:5      | Killed Subbak's ghost
  6367 | D:7      | Reached XP level 9. HP: 34/42 MP: 10/10
  6454 | D:7      | Reached ***** piety under Trog
  6679 | D:7      | Shot with an arrow by a centaur
  6680 | D:7      | Reached XP level 8. HP: -1/39 MP: 9/9
  6851 | D:7      | Reached skill level 10 in Dodging
  7511 | D:7      | Found a runed translucent gate.
  7512 | D:7      | Found a runed translucent gate.
  7513 | D:7      | Found a runed translucent gate.
  7513 | D:7      | Noticed lepoulpe303's ghost (novice SpVM)
  7513 | D:7      | Identified the +9 short sword of Kindness {venom, rC+}
  7557 | D:7      | Reached XP level 9. HP: 33/43 MP: 10/10
  7564 | D:7      | Killed lepoulpe303's ghost
  7585 | D:7      | Cast into level 1 of the Abyss (big kobold)
  7611 | Abyss:1  | Found a hazy altar of Hepliaklqana.
  7637 | Abyss:1  | Noticed a sixfirhy
  7661 | Abyss:1  | Slain by a sixfirhy
  7662 | Abyss:1  | Reached XP level 8. HP: 0/40 MP: 9/9
  7750 | Abyss:1  | Noticed an ancient zyme
  7763 | Abyss:1  | Killed an ancient zyme
  7769 | Abyss:1  | Noticed a large abomination
  7815 | Abyss:1  | Found a corrupted altar of Lugonu.
  7847 | Abyss:1  | Noticed a spatial maelstrom
  7854 | Abyss:1  | Noticed a rakshasa
  7872 | Abyss:1  | HP: 2/40 [spatial maelstrom (7)]
  7874 | Abyss:1  | Killed a spatial maelstrom
  7874 | Abyss:1  | Reached skill level 11 in Dodging
  7874 | Abyss:1  | Reached skill level 10 in Stealth
  7874 | Abyss:1  | Reached XP level 9. HP: 2/44 MP: 10/10
  7876 | D:7      | Escaped the Abyss
  7876 | D:7      | Slain by a big kobold

Illustrated notes

Levels and vault maps discovered:
D:1:      minmay_arrival_radiant_lines, layout_basic
D:2:      layout_rooms, lemuel_round_altar, grunt_ministairs_4,
          kennysheep_another_room
D:3:      layout_loops_ring, overflow_temple_1_default, first_ration,
          skrybe_limestone_x
D:4:      layout_cave_pools
D:5:      layout_cave_pools, gammafunk_temple_overflow_statue,
          gammafunk_ghost_stat_death
D:6:      layout_basic, minmay_temple_entry_statues_pillars, minmay_misc_feat_x,
          fedhas_altar_decomposition
D:7:      layout_basic, kennysheep_mini_moat, gammafunk_ghost_nasty_kobolds

Skill      XL: |  1  2  3  4  5  6  7  8  9 |
---------------+----------------------------+-----
Stealth        | 1 2 4 5 10 8 | 10.0
Fighting       | 4 5 7 |  7.9
Dodging        | 6 8 11 | 11.1
Unarmed Combat | 4 5 7 |  7.9

Action                   |  1- 3 |  4- 6 |  7- 9 || total
-------------------------+-------+-------+-------++-------
Melee: Unarmed           |   110 |   156 |   521 ||   787
       Bite              |    14 |    11 |    73 ||    98
       Punch             |     3 |     3 |    23 ||    29
Invok: Berserk           |     1 |     5 |     9 ||    15
       Trog's Hand       |       |       |     3 ||     3
Evoke: Wand              |       |       |     1 ||     1
  Use: Scroll            |       |       |     9 ||     9
       Potion            |       |       |     1 ||     1
 Stab: Sleeping          |     7 |     5 |     4 ||    16
       Distracted        |       |       |     2 ||     2
  Eat: Chunk             |    10 |     8 |    27 ||    45
Armor: Skin              |     2 |     7 |    24 ||    33
Dodge: Dodged            |    72 |   169 |   513 ||   754
